COLORADO vs OTTAWA

Created - Thursday, December 14, 2017 at 11:24

Goals
1 2 3 T
COLORADO 0 1 2 3
OTTAWA 0 0 0 0
Shots
1 2 3 T
COLORADO 10 7 13 30
OTTAWA 4 8 12 24

1st period

No Goal

Penalties :
Eric Fehr (OTT) for Hooking (Minor) at 0:58, Viktor Stalberg (OTT) for Holding (Minor) at 3:15, Justin Schultz (OTT) for Hooking (Minor) at 5:45, Adam Lowry (COL) for High sticking (Minor) at 8:19, Jeff Schultz (OTT) for Checking from behind (Minor) at 17:02, Jeff Schultz (OTT) for Hooking (Minor) at 19:02

2nd period

1. COLORADO , David Pastrnak 13 (Mikko Koivu 17, Dan Girardi 6) at 14:01

Penalties :
No Penalty

3rd period

2. COLORADO , Patrik Berglund 8 (Adam Lowry 7, Mikko Koivu 18) at 2:27
3. COLORADO , Carl Soderberg 4 (Patrik Berglund 6) at 9:25

Penalties :
Joe Pavelski (OTT) for Roughing (Minor) at 0:23, Zach Bogosian (OTT) for Slashing (Minor) at 3:24, Adam Lowry (COL) for Holding (Minor) at 5:33, Viktor Stalberg (OTT) for Hooking (Minor) at 10:45, Dan Girardi (COL) for Hooking (Minor) at 10:45, Jeff Schultz (OTT) for Hooking (Minor) at 19:54

Goalie Stats

Carey Price (COL), 24 saves from 24 shots - (1.000), W, 14-10-2, 60:00 minutes
Connor Hellebuyck (OTT), 27 saves from 30 shots - (0.900), L, 12-13-0, 60:00 minutes

Players Stats for COLORADO

Player Name              G  A  P  +/- PIM S  H  SB GA TA FO     MP     PP MP  PK MP  
------------------------------------------------------------------------------------
Adam Lowry               0  1  1   2  4   0  0  0  0  0  0/0     9:14   0:00   0:00 
Alexey Marchenko         0  0  0   1  0   0  1  0  0  0  0/0     6:00   0:00   0:00 
Artem Anisimov           0  0  0   0  0   2  0  0  0  0  0/0    18:36   6:39   0:00 
Artturi Lehkonen         0  0  0   0  0   0  0  0  0  0  0/0     4:15   0:00   0:00 
Brandon Carlo            0  0  0   0  0   2  2  1  0  0  0/0    13:05   0:00   1:41 
Calvin de Haan           0  0  0   0  0   4  2  1  0  0  0/0    19:38   7:03   0:00 
Carl Soderberg           1  0  1   2  0   1  0  0  0  0  0/0    10:35   0:00   0:00 
Dan Girardi              0  1  1   1  2   1  2  1  0  0  0/0    23:23   6:55   2:17 
David Krejci             0  0  0   0  0   0  0  0  0  0  17/26  18:46   6:39   0:10 
David Pastrnak           1  0  1   1  0   4  2  0  0  0  0/0    24:20   7:19   2:24 
Dylan Larkin             0  0  0   0  0   3  0  0  0  0  1/1    18:36   6:39   0:00 
Jack Johnson             0  0  0   1  0   1  1  7  0  0  0/0    24:04   6:55   2:17 
Joe Thornton             0  0  0   1  0   3  1  1  0  0  0/1    24:00   7:19   1:24 
Jonas Brodin             0  0  0   1  0   3  0  1  0  0  0/0    15:32   7:03   0:00 
Kevin Klein              0  0  0   1  0   0  2  3  0  0  0/0     9:48   0:00   0:00 
Mikko Koivu              0  2  2   1  0   3  0  0  0  0  25/34  25:00   7:19   2:24 
Nick Bjugstad            0  0  0   0  0   0  0  0  0  0  3/6     4:15   0:00   0:00 
Nikita Nesterov          0  0  0   1  0   0  3  0  0  0  0/0     8:29   0:00   1:41 
Patrik Berglund          1  1  2   2  0   3  0  0  0  0  7/11   10:45   0:00   0:10 
Riley Sheahan            0  0  0   0  0   0  0  0  0  0  1/1     5:39   0:00   1:24 

Players Stats for OTTAWA

Player Name              G  A  P  +/- PIM S  H  SB GA TA FO     MP     PP MP  PK MP  
------------------------------------------------------------------------------------
Andrew Ladd              0  0  0  -1  0   2  1  0  0  0  2/15   12:51   0:00   0:00 
Bogdan Yakimov           0  0  0   0  0   0  1  0  0  0  0/3     3:52   0:00   0:00 
Brandon Davidson         0  0  0  -2  0   1  3  1  0  0  0/0    12:19   0:00   1:47 
Dillon Simpson           0  0  0   0  0   0  0  0  0  0  0/0     2:32   0:00   0:00 
Dominik Simon            0  0  0   0  0   1  0  0  0  0  0/0     3:52   0:00   0:00 
Eric Fehr                0  0  0  -1  2   1  1  0  0  0  0/2    14:16   2:06   0:00 
Jamie McBain             0  0  0   0  0   0  0  0  0  0  0/0     2:32   0:00   0:00 
Jeff Schultz             0  0  0  -2  6   1  1  1  0  0  0/0    10:29   0:00   0:00 
Jiri Hudler              0  0  0  -2  0   1  0  0  0  0  7/13   11:49   0:00   0:00 
Joe Pavelski             0  0  0   0  2   4  2  0  0  0  9/22   23:31   1:52   4:16 
Jonathan Toews           0  0  0   0  0   2  1  1  0  0  1/2    24:00   1:52   9:15 
Jordan Eberle            0  0  0   0  0   3  0  0  0  0  2/4    21:18   1:52   5:15 
Justin Schultz           0  0  0   0  2   2  1  1  0  0  0/0    20:11   2:06   4:58 
Marcus Sorensen          0  0  0  -2  0   0  0  0  0  0  0/0    11:49   0:00   0:00 
Nick Foligno             0  0  0  -1  0   3  3  0  0  0  4/17   23:27   2:06   9:10 
Ryan Suter               0  0  0  -1  0   0  0  3  0  0  0/0    25:51   1:52   8:07 
Viktor Stalberg          0  0  0  -2  4   2  4  0  0  0  1/2    13:14   2:06   0:00 
Zach Bogosian            0  0  0   0  2   1  3  0  0  0  0/0    20:10   2:06   4:57 
Zdeno Chara              0  0  0  -1  0   0  5  1  0  0  0/0    25:51   1:52   8:07 

3 Stars

1 - Carey Price (COL)
2 - Patrik Berglund (COL)
3 - David Pastrnak (COL)

Power Play

COLORADO - 0 on 8 Attempt(s) - 0.00%
OTTAWA - 0 on 2 Attempt(s) - 0.00%

Penalty Kill

COLORADO - 2 on 2 Attempt(s) - 100.00% - Score 0 goal in Penalty Kill
OTTAWA - 8 on 8 Attempt(s) - 100.00% - Score 0 goal in Penalty Kill

Team Stat

COLORADO - Hits : 16 - Faceoff Wins : 54 - Blocked Shots : 15 - Penalty Minutes : 6
OTTAWA - Hits : 26 - Faceoff Wins : 26 - Blocked Shots : 8 - Penalty Minutes : 18

Official

Referees : Unknown
Linesman : Unknown

Game Notes

No Game Note

Finance

Level 1 -- Attendance: 4583 (76.38%) -- Ticket Income $458,300
Level 2 -- Attendance: 3871 (77.42%) -- Ticket Income $232,260
Level 3 -- Attendance: 1723 (86.15%) -- Ticket Income $60,305
Level 4 -- Attendance: 3474 (86.85%) -- Ticket Income $69,480
Luxury Box -- Attendance: 678 (67.80%) -- Ticket Income $135,600
Game was played at the Canadian Tire Center.
Total Attendance: 14329 (79.61%)
Total Ticket Income: $955,945
Total Income: $955,945

COLORADO

5 vs 5 Forward 
   Center                   Left Wing                Right Wing               Time % Phy DF OF 
 1 Mikko Koivu              David Pastrnak           Joe Thornton             35     1   2  2  
 2 David Krejci             Artem Anisimov           Dylan Larkin             30     1   2  2  
 3 Patrik Berglund          Adam Lowry               Carl Soderberg           25     1   2  2  
 4 Nick Bjugstad            Riley Sheahan            Artturi Lehkonen         10     1   2  2  

5 vs 5 Defense 
   Defense                  Defense                                           Time % Phy DF OF 
 1 Jack Johnson             Dan Girardi                                       35     1   2  2  
 2 Calvin de Haan           Brandon Carlo                                     30     1   2  2  
 3 Jonas Brodin             Kevin Klein                                       25     1   2  2  
 4 Nikita Nesterov          Alexey Marchenko                                  10     1   2  2  

PowerPlay Forward 
   Center                   Left Wing                Right Wing               Time % Phy DF OF 
 1 Mikko Koivu              David Pastrnak           Joe Thornton             60     1   2  2  
 2 David Krejci             Artem Anisimov           Dylan Larkin             40     1   2  2  

PowerPlay Defense
   Defense                  Defense                                           Time % Phy DF OF 
 1 Jack Johnson             Dan Girardi                                       60     1   2  2  
 2 Jonas Brodin             Calvin de Haan                                    40     1   2  2  

Penalty Kill 4 Players Forward 
   Center                   Wing                     Time % Phy DF OF 
 1 Mikko Koivu              David Pastrnak           60     1   2  2  
 2 Joe Thornton             Adam Lowry               40     1   2  2  

Penalty Kill 4 Players Defense
   Defense                  Defense                  Time % Phy DF OF 
 1 Dan Girardi              Jack Johnson             60     1   2  2  
 2 Nikita Nesterov          Brandon Carlo            40     1   2  2  

Penalty Kill - 3 Players Forward 
   Forward                                           Time % Phy DF OF 
 1 David Pastrnak                                    60     1   2  2  
 2 Nick Bjugstad                                     40     1   2  2  

Penalty Kill - 3 Players Defense
   Defense                  Defense                  Time % Phy DF OF 
 1 Dan Girardi              Brandon Carlo            60     1   2  2  
 2 Alexey Marchenko         Jack Johnson             40     1   2  2  

4 vs 4 Forward 
   Center                   Wing                     Time % Phy DF OF 
 1 Joe Thornton             Mikko Koivu              60     1   2  2  
 2 Patrik Berglund          Carl Soderberg           40     1   2  2  

4 vs 4 Defense
   Defense                  Defense                  Time % Phy DF OF 
 1 Jack Johnson             Calvin de Haan           60     1   2  2  
 2 Kevin Klein              Dan Girardi              40     1   2  2  

Last Minutes Offensive
   Center                   Left Wing                Right Wing               Defense                  Defense                  
   Mikko Koivu              David Pastrnak           Joe Thornton             Jack Johnson             Dan Girardi              

Last Minutes Defensive
   Center                   Left Wing                Right Wing               Defense                  Defense                  
   Mikko Koivu              David Pastrnak           Joe Thornton             Jack Johnson             Dan Girardi              

Goaltenders
Starting : Carey Price              
Backup : Antti Niemi              

Extra Forwards
Normal : Artturi Lehkonen, Mikko Koivu, Joe Thornton - PP : David Pastrnak, David Krejci - PK : Riley Sheahan
Extra Defensemen
Normal : Kevin Klein, Nikita Nesterov, Alexey Marchenko - PP : Jack Johnson - PK : Dan Girardi, Jonas Brodin
Penalty Shots
Artturi Lehkonen, Mikko Koivu, Joe Thornton, David Pastrnak, David Krejci

Scratches
None

OTTAWA

5 vs 5 Forward 
   Center                   Left Wing                Right Wing               Time % Phy DF OF 
 1 Joe Pavelski             Jonathan Toews           Jordan Eberle            35     1   2  2  
 2 Andrew Ladd              Nick Foligno             Eric Fehr                30     1   2  2  
 3 Jiri Hudler              Marcus Sorensen          Viktor Stalberg          25     1   2  2  
 4 Bogdan Yakimov           Dominik Simon            Joe Pavelski             10     1   2  2  

5 vs 5 Defense 
   Defense                  Defense                                           Time % Phy DF OF 
 1 Ryan Suter               Zdeno Chara                                       35     1   2  2  
 2 Zach Bogosian            Justin Schultz                                    30     1   2  2  
 3 Jeff Schultz             Brandon Davidson                                  25     1   2  2  
 4 Jamie McBain             Dillon Simpson                                    10     1   2  2  

PowerPlay Forward 
   Center                   Left Wing                Right Wing               Time % Phy DF OF 
 1 Joe Pavelski             Jonathan Toews           Jordan Eberle            60     1   2  2  
 2 Viktor Stalberg          Nick Foligno             Eric Fehr                40     1   2  2  

PowerPlay Defense
   Defense                  Defense                                           Time % Phy DF OF 
 1 Ryan Suter               Zdeno Chara                                       60     1   2  2  
 2 Zach Bogosian            Justin Schultz                                    40     1   2  2  

Penalty Kill 4 Players Forward 
   Center                   Wing                     Time % Phy DF OF 
 1 Nick Foligno             Jonathan Toews           60     1   2  2  
 2 Joe Pavelski             Jordan Eberle            40     1   2  2  

Penalty Kill 4 Players Defense
   Defense                  Defense                  Time % Phy DF OF 
 1 Ryan Suter               Zdeno Chara              60     1   2  2  
 2 Zach Bogosian            Justin Schultz           40     1   2  2  

Penalty Kill - 3 Players Forward 
   Forward                                           Time % Phy DF OF 
 1 Jordan Eberle                                     60     1   2  2  
 2 Nick Foligno                                      40     1   2  2  

Penalty Kill - 3 Players Defense
   Defense                  Defense                  Time % Phy DF OF 
 1 Ryan Suter               Zdeno Chara              60     1   2  2  
 2 Zach Bogosian            Justin Schultz           40     1   2  2  

4 vs 4 Forward 
   Center                   Wing                     Time % Phy DF OF 
 1 Viktor Stalberg          Joe Pavelski             60     1   2  2  
 2 Jonathan Toews           Jordan Eberle            40     1   2  2  

4 vs 4 Defense
   Defense                  Defense                  Time % Phy DF OF 
 1 Ryan Suter               Zdeno Chara              60     1   2  2  
 2 Zach Bogosian            Justin Schultz           40     1   2  2  

Last Minutes Offensive
   Center                   Left Wing                Right Wing               Defense                  Defense                  
   Joe Pavelski             Jonathan Toews           Jordan Eberle            Ryan Suter               Zdeno Chara              

Last Minutes Defensive
   Center                   Left Wing                Right Wing               Defense                  Defense                  
   Joe Pavelski             Jonathan Toews           Jordan Eberle            Ryan Suter               Zdeno Chara              

Goaltenders
Starting : Connor Hellebuyck        
Backup : Carter Hutton            

Extra Forwards
Normal : Jordan Eberle, Viktor Stalberg, Joe Pavelski - PP : Jordan Eberle, Viktor Stalberg - PK : Jordan Eberle
Extra Defensemen
Normal : Jeff Schultz, Brandon Davidson, Zdeno Chara - PP : Jeff Schultz - PK : Brandon Davidson, Ryan Suter
Penalty Shots
Eric Fehr, Joe Pavelski, Viktor Stalberg, Jordan Eberle, Nick Foligno

Scratches
Dean Kukan (Healthy), Laurent Brossoit (Healthy)

% Time on Ice - COLORADO

Lines # - Real PCT - Wanted PCT - Time Play
Normal Forward
1 - 36% - 35% - 14:37
2 - 30% - 30% - 11:57
3 - 23% - 25% - 9:16
4 - 11% - 10% - 4:15
Normal Defense
1 - 35% - 35% - 14:12
2 - 28% - 30% - 11:24
3 - 21% - 25% - 8:29
4 - 15% - 10% - 6:00
PP Forward
1 - 52% - 60% - 7:19
2 - 48% - 40% - 6:39
PP Defense
1 - 50% - 60% - 6:55
2 - 50% - 40% - 7:03
PK Forward
1 - 65% - 60% - 2:34
2 - 35% - 40% - 1:24
PK Defense
1 - 58% - 60% - 2:17
2 - 42% - 40% - 1:41
PK3 Forward
1 - 0% - 60%
2 - 0% - 40%
PK3 Defense
1 - 0% - 60%
2 - 0% - 40%
44 Forward
1 - 34% - 60% - 0:40
2 - 66% - 40% - 1:19
44 Defense
1 - 60% - 60% - 1:11
2 - 40% - 40% - 0:48
Last Minute Offensive  - 0:00
Last Minute Defensive  - 0:00
Total
Forward - 60:00
Defense - 60:00

% Time on Ice - OTTAWA

Lines # - Real PCT - Wanted PCT - Time Play
Normal Forward
1 - 30% - 35% - 12:13
2 - 30% - 30% - 12:11
3 - 29% - 25% - 11:49
4 - 10% - 10% - 3:52
Normal Defense
1 - 38% - 35% - 15:12
2 - 29% - 30% - 11:49
3 - 26% - 25% - 10:32
4 - 6% - 10% - 2:32
PP Forward
1 - 47% - 60% - 1:52
2 - 53% - 40% - 2:06
PP Defense
1 - 47% - 60% - 1:52
2 - 53% - 40% - 2:06
PK Forward
1 - 66% - 60% - 9:10
2 - 34% - 40% - 4:48
PK Defense
1 - 58% - 60% - 8:07
2 - 42% - 40% - 5:51
PK3 Forward
1 - 0% - 60%
2 - 0% - 40%
PK3 Defense
1 - 0% - 60%
2 - 0% - 40%
44 Forward
1 - 100% - 60% - 1:59
2 - 0% - 40% - 0:00
44 Defense
1 - 34% - 60% - 0:40
2 - 66% - 40% - 1:19
Last Minute Offensive  - 0:00
Last Minute Defensive  - 0:00
Total
Forward - 60:00
Defense - 60:00

Play by Play

1st period


0:01 of 1st period - Mikko Koivu wins face-off versus Joe Pavelski in neutral zone.
0:06 of 1st period - Shot by Joe Thornton.
0:06 of 1st period - Deflect By David Pastrnak.
0:06 of 1st period - Stopped by Connor Hellebuyck with a rebound.
0:09 of 1st period - Icing by Ryan Suter.
0:10 of 1st period - David Krejci wins face-off versus Joe Pavelski in OTTAWA zone.
0:29 of 1st period - Shot by Jordan Eberle.
0:29 of 1st period - Stopped by Carey Price without a rebound.
0:30 of 1st period - Patrik Berglund wins face-off versus Eric Fehr in COLORADO zone.
0:41 of 1st period - Icing by Zach Bogosian.
0:42 of 1st period - Mikko Koivu wins face-off versus Eric Fehr in OTTAWA zone.
0:58 of 1st period - Minor Penalty to Eric Fehr for Hooking.
0:59 of 1st period - Nick Foligno wins face-off versus David Krejci in OTTAWA zone.
1:06 of 1st period - Shot by Jonathan Toews.
1:06 of 1st period - Shot Misses the Net.
1:31 of 1st period - Shot by Artem Anisimov.
1:31 of 1st period - Shot Misses the Net.
2:06 of 1st period - Shot by Jordan Eberle.
2:06 of 1st period - Stopped by Carey Price without a rebound.
2:07 of 1st period - Mikko Koivu wins face-off versus Nick Foligno in COLORADO zone.
2:14 of 1st period - Jonathan Toews is hit by Joe Thornton and loses puck.
2:31 of 1st period - Shot by Joe Thornton.
2:31 of 1st period - Stopped by Connor Hellebuyck without a rebound.
2:32 of 1st period - David Krejci wins face-off versus Joe Pavelski in OTTAWA zone.
3:15 of 1st period - Minor Penalty to Viktor Stalberg for Holding.
3:16 of 1st period - Mikko Koivu wins face-off versus Nick Foligno in OTTAWA zone.
3:47 of 1st period - Shot by Jack Johnson.
3:47 of 1st period - Stopped by Connor Hellebuyck without a rebound.
3:48 of 1st period - David Krejci wins face-off versus Joe Pavelski in OTTAWA zone.
4:32 of 1st period - Icing by Calvin de Haan.
4:33 of 1st period - Dylan Larkin wins face-off versus Nick Foligno in COLORADO zone.
4:56 of 1st period - Icing by Dan Girardi.
4:57 of 1st period - Mikko Koivu wins face-off versus Nick Foligno in COLORADO zone.
4:57 of 1st period - Mikko Koivu is hit by Nick Foligno.
5:17 of 1st period - Shot by Adam Lowry.
5:17 of 1st period - Shot Blocked by Jeff Schultz.
5:28 of 1st period - Off-side.
5:29 of 1st period - Mikko Koivu wins face-off versus Bogdan Yakimov in neutral zone.
5:45 of 1st period - Minor Penalty to Justin Schultz for Hooking.
5:46 of 1st period - David Krejci wins face-off versus Nick Foligno in OTTAWA zone.
6:15 of 1st period - Shot by Jonas Brodin.
6:15 of 1st period - Stopped by Connor Hellebuyck without a rebound.
6:16 of 1st period - Joe Pavelski wins face-off versus Mikko Koivu in OTTAWA zone.
6:59 of 1st period - Shot by Dan Girardi.
6:59 of 1st period - Shot Blocked by Ryan Suter.
7:01 of 1st period - Shot by Dan Girardi.
7:01 of 1st period - Shot Misses the Net.
7:24 of 1st period - Dylan Larkin is hit by Brandon Davidson and loses puck.
7:44 of 1st period - Shot by Calvin de Haan.
7:44 of 1st period - Stopped by Connor Hellebuyck with a rebound.
7:58 of 1st period - Marcus Sorensen is hit by Nikita Nesterov and loses puck.
8:19 of 1st period - Minor Penalty to Adam Lowry for High sticking.
8:20 of 1st period - Joe Pavelski wins face-off versus Mikko Koivu in COLORADO zone.
8:23 of 1st period - Shot by Ryan Suter.
8:23 of 1st period - Shot Blocked by Dan Girardi.
8:25 of 1st period - Shot by Zdeno Chara.
8:25 of 1st period - Shot Misses the Net.
9:41 of 1st period - Shot by Nick Foligno.
9:41 of 1st period - Shot Blocked by Jack Johnson.
9:43 of 1st period - Shot by Zach Bogosian.
9:43 of 1st period - Deflect By Eric Fehr.
9:43 of 1st period - Shot Misses the Net.
9:45 of 1st period - Shot by Justin Schultz.
9:45 of 1st period - Shot Misses the Net.
10:15 of 1st period - David Pastrnak is hit by Zdeno Chara and loses puck.
10:51 of 1st period - Shot by Joe Pavelski.
10:51 of 1st period - Shot Blocked by Kevin Klein.
11:56 of 1st period - Icing by Calvin de Haan.
11:57 of 1st period - Andrew Ladd wins face-off versus Patrik Berglund in COLORADO zone.
12:18 of 1st period - Shot by Eric Fehr.
12:18 of 1st period - Stopped by Carey Price with a rebound.
12:33 of 1st period - David Pastrnak is hit by Zach Bogosian and loses puck.
13:09 of 1st period - Justin Schultz is hit by David Pastrnak and loses puck.
13:36 of 1st period - Shot by Dylan Larkin.
13:36 of 1st period - Stopped by Connor Hellebuyck without a rebound.
13:37 of 1st period - Riley Sheahan wins face-off versus Joe Pavelski in OTTAWA zone.
14:52 of 1st period - Shot by Brandon Davidson.
14:52 of 1st period - Shot Misses the Net.
15:25 of 1st period - Mikko Koivu is hit by Joe Pavelski and loses puck.
15:29 of 1st period - Icing by Calvin de Haan.
15:30 of 1st period - Mikko Koivu wins face-off versus Joe Pavelski in COLORADO zone.
15:59 of 1st period - Shot by Jordan Eberle.
15:59 of 1st period - Deflect By Joe Pavelski.
15:59 of 1st period - Shot Blocked by Jack Johnson.
16:16 of 1st period - Off-side.
16:17 of 1st period - Patrik Berglund wins face-off versus Andrew Ladd in neutral zone.
16:26 of 1st period - Shot by Patrik Berglund.
16:26 of 1st period - Stopped by Connor Hellebuyck with a rebound.
16:46 of 1st period - Shot by Nick Foligno.
16:46 of 1st period - Shot Blocked by Kevin Klein.
16:48 of 1st period - Shot by Nick Foligno.
16:48 of 1st period - Stopped by Carey Price without a rebound.
16:49 of 1st period - Jiri Hudler wins face-off versus David Krejci in COLORADO zone.
16:49 of 1st period - Jiri Hudler is hit by Jack Johnson.
17:02 of 1st period - Minor Penalty to Jeff Schultz for Checking from behind.
17:03 of 1st period - Mikko Koivu wins face-off versus Nick Foligno in OTTAWA zone.
17:43 of 1st period - Shot by Joe Pavelski.
17:43 of 1st period - Shot Misses the Net.
18:26 of 1st period - Shot by Jonas Brodin.
18:26 of 1st period - Stopped by Connor Hellebuyck without a rebound.
18:27 of 1st period - David Krejci wins face-off versus Nick Foligno in OTTAWA zone.
19:00 of 1st period - Shot by Artem Anisimov.
19:00 of 1st period - Shot Misses the Net.
19:02 of 1st period - Shot by Calvin de Haan.
19:02 of 1st period - Stopped by Connor Hellebuyck without a rebound.
19:02 of 1st period - Minor Penalty to Jeff Schultz for Hooking.
19:03 of 1st period - Nick Foligno wins face-off versus Mikko Koivu in OTTAWA zone.
19:12 of 1st period - Shot by David Pastrnak.
19:12 of 1st period - Shot Misses the Net.
19:53 of 1st period - Shot by Dylan Larkin.
19:53 of 1st period - Deflect By Artem Anisimov.
19:53 of 1st period - Stopped by Connor Hellebuyck without a rebound.
19:54 of 1st period - David Krejci wins face-off versus Joe Pavelski in OTTAWA zone.
19:54 of 1st period - David Krejci is hit by Zdeno Chara.
Goals for this period are 0 for COLORADO vs 0 for OTTAWA.
Shots for this period are 10 for COLORADO vs 4 for OTTAWA.

2nd period


0:01 of 2nd period - Mikko Koivu wins face-off versus Nick Foligno in neutral zone.
2:15 of 2nd period - Patrik Berglund is hit by Bogdan Yakimov and loses puck.
3:54 of 2nd period - Dylan Larkin is hit by Joe Pavelski and loses puck.
4:00 of 2nd period - Icing by Brandon Carlo.
4:01 of 2nd period - Jiri Hudler wins face-off versus David Krejci in COLORADO zone.
4:17 of 2nd period - Icing by Zach Bogosian.
4:18 of 2nd period - Nick Bjugstad wins face-off versus Jiri Hudler in OTTAWA zone.
4:30 of 2nd period - Shot by Jiri Hudler.
4:30 of 2nd period - Shot Blocked by Jonas Brodin.
4:40 of 2nd period - Shot by Jiri Hudler.
4:40 of 2nd period - Shot Blocked by Kevin Klein.
5:17 of 2nd period - Icing by Jonathan Toews.
5:18 of 2nd period - Joe Pavelski wins face-off versus Mikko Koivu in OTTAWA zone.
5:18 of 2nd period - Joe Pavelski is hit by David Pastrnak.
6:04 of 2nd period - Icing by Jonathan Toews.
6:05 of 2nd period - David Krejci wins face-off versus Joe Pavelski in OTTAWA zone.
6:11 of 2nd period - Icing by Ryan Suter.
6:12 of 2nd period - Joe Pavelski wins face-off versus David Krejci in OTTAWA zone.
6:45 of 2nd period - Nick Foligno is hit by Brandon Carlo and loses puck.
7:54 of 2nd period - Mikko Koivu is hit by Brandon Davidson and loses puck.
8:27 of 2nd period - Icing by Dan Girardi.
8:28 of 2nd period - Mikko Koivu wins face-off versus Joe Pavelski in COLORADO zone.
8:28 of 2nd period - Mikko Koivu is hit by Jonathan Toews.
8:54 of 2nd period - Shot by Zdeno Chara.
8:54 of 2nd period - Shot Misses the Net.
8:56 of 2nd period - Shot by Joe Pavelski.
8:56 of 2nd period - Stopped by Carey Price without a rebound.
8:57 of 2nd period - Jiri Hudler wins face-off versus Nick Bjugstad in COLORADO zone.
8:57 of 2nd period - Jiri Hudler is hit by Nikita Nesterov.
9:02 of 2nd period - Viktor Stalberg is hit by Alexey Marchenko and loses puck.
9:07 of 2nd period - Shot by Jiri Hudler.
9:07 of 2nd period - Stopped by Carey Price with a rebound.
9:16 of 2nd period - Off-side.
9:17 of 2nd period - David Krejci wins face-off versus Joe Pavelski in neutral zone.
9:26 of 2nd period - Shot by Artem Anisimov.
9:26 of 2nd period - Shot Misses the Net.
9:40 of 2nd period - Shot by Dylan Larkin.
9:40 of 2nd period - Deflect By David Krejci.
9:40 of 2nd period - Shot Misses the Net.
10:22 of 2nd period - Shot by David Pastrnak.
10:22 of 2nd period - Shot Misses the Net.
10:24 of 2nd period - Shot by Mikko Koivu.
10:24 of 2nd period - Shot Misses the Net.
10:26 of 2nd period - Shot by Mikko Koivu.
10:26 of 2nd period - Stopped by Connor Hellebuyck without a rebound.
10:27 of 2nd period - Mikko Koivu wins face-off versus Andrew Ladd in OTTAWA zone.
10:54 of 2nd period - Shot by Andrew Ladd.
10:54 of 2nd period - Stopped by Carey Price without a rebound.
10:55 of 2nd period - Patrik Berglund wins face-off versus Jiri Hudler in COLORADO zone.
10:55 of 2nd period - Patrik Berglund is hit by Viktor Stalberg.
11:37 of 2nd period - Patrik Berglund is hit by Justin Schultz and loses puck.
12:14 of 2nd period - Shot by Jonathan Toews.
12:14 of 2nd period - Deflect By Joe Pavelski.
12:14 of 2nd period - Stopped by Carey Price without a rebound.
12:15 of 2nd period - Mikko Koivu wins face-off versus Andrew Ladd in COLORADO zone.
12:29 of 2nd period - Shot by Nick Foligno.
12:29 of 2nd period - Shot Blocked by Jack Johnson.
12:33 of 2nd period - Shot by Eric Fehr.
12:33 of 2nd period - Deflect By Nick Foligno.
12:33 of 2nd period - Shot Misses the Net.
12:35 of 2nd period - Shot by Eric Fehr.
12:35 of 2nd period - Shot Misses the Net.
12:37 of 2nd period - Shot by Nick Foligno.
12:37 of 2nd period - Deflect By Andrew Ladd.
12:37 of 2nd period - Stopped by Carey Price without a rebound.
12:38 of 2nd period - Joe Pavelski wins face-off versus David Krejci in COLORADO zone.
13:29 of 2nd period - Icing by Ryan Suter.
13:30 of 2nd period - Mikko Koivu wins face-off versus Joe Pavelski in OTTAWA zone.
13:43 of 2nd period - Shot by David Pastrnak.
13:43 of 2nd period - Stopped by Connor Hellebuyck without a rebound.
13:44 of 2nd period - Nick Bjugstad wins face-off versus Andrew Ladd in OTTAWA zone.
13:53 of 2nd period - Shot by Riley Sheahan.
13:53 of 2nd period - Shot Misses the Net.
13:55 of 2nd period - Shot by Brandon Carlo.
13:55 of 2nd period - Stopped by Connor Hellebuyck without a rebound.
13:56 of 2nd period - Mikko Koivu wins face-off versus Jiri Hudler in OTTAWA zone.
14:01 of 2nd period - Shot by Mikko Koivu.
14:01 of 2nd period - Deflect By David Pastrnak.
14:01 of 2nd period - Goal by David Pastrnak - COLORADO : 1 - OTTAWA : 0.
14:02 of 2nd period - Mikko Koivu wins face-off versus Andrew Ladd in neutral zone.
14:46 of 2nd period - Shot by Jack Johnson.
14:46 of 2nd period - Shot Misses the Net.
14:48 of 2nd period - Shot by Dan Girardi.
14:48 of 2nd period - Shot Misses the Net.
15:22 of 2nd period - Off-side.
15:23 of 2nd period - Joe Pavelski wins face-off versus Patrik Berglund in neutral zone.
15:43 of 2nd period - Jonathan Toews is hit by Kevin Klein and loses puck.
15:59 of 2nd period - Jonathan Toews is hit by Kevin Klein and loses puck.
16:02 of 2nd period - Shot by Joe Pavelski.
16:02 of 2nd period - Shot Misses the Net.
16:04 of 2nd period - Shot by Joe Pavelski.
16:04 of 2nd period - Shot Misses the Net.
16:10 of 2nd period - Shot by Jordan Eberle.
16:10 of 2nd period - Stopped by Carey Price without a rebound.
16:11 of 2nd period - Mikko Koivu wins face-off versus Jiri Hudler in COLORADO zone.
16:28 of 2nd period - Shot by Jiri Hudler.
16:28 of 2nd period - Shot Blocked by Jack Johnson.
16:56 of 2nd period - Shot by David Pastrnak.
16:56 of 2nd period - Stopped by Connor Hellebuyck without a rebound.
16:57 of 2nd period - David Krejci wins face-off versus Bogdan Yakimov in OTTAWA zone.
17:02 of 2nd period - Shot by Dylan Larkin.
17:02 of 2nd period - Stopped by Connor Hellebuyck without a rebound.
17:03 of 2nd period - Joe Pavelski wins face-off versus David Krejci in OTTAWA zone.
17:18 of 2nd period - Shot by Jonathan Toews.
17:18 of 2nd period - Stopped by Carey Price without a rebound.
17:19 of 2nd period - Patrik Berglund wins face-off versus Andrew Ladd in COLORADO zone.
17:24 of 2nd period - Patrik Berglund is hit by Eric Fehr and loses puck.
17:58 of 2nd period - Shot by Andrew Ladd.
17:58 of 2nd period - Shot Misses the Net.
18:00 of 2nd period - Shot by Zach Bogosian.
18:00 of 2nd period - Stopped by Carey Price without a rebound.
18:01 of 2nd period - David Krejci wins face-off versus Joe Pavelski in COLORADO zone.
18:10 of 2nd period - Shot by Artem Anisimov.
18:10 of 2nd period - Stopped by Connor Hellebuyck with a rebound.
18:25 of 2nd period - Shot by Jonathan Toews.
18:25 of 2nd period - Shot Blocked by Jack Johnson.
18:39 of 2nd period - Shot by Jonathan Toews.
18:39 of 2nd period - Shot Misses the Net.
18:41 of 2nd period - Shot by Zdeno Chara.
18:41 of 2nd period - Shot Misses the Net.
18:44 of 2nd period - Jordan Eberle is hit by Dan Girardi and loses puck.
19:27 of 2nd period - Shot by Viktor Stalberg.
19:27 of 2nd period - Shot Blocked by Brandon Carlo.
19:29 of 2nd period - Shot by Jiri Hudler.
19:29 of 2nd period - Shot Blocked by Calvin de Haan.
Goals for this period are 1 for COLORADO vs 0 for OTTAWA.
Shots for this period are 7 for COLORADO vs 8 for OTTAWA.

3rd period


0:01 of 3rd period - Joe Pavelski wins face-off versus Mikko Koivu in neutral zone.
0:23 of 3rd period - Minor Penalty to Joe Pavelski for Roughing.
0:24 of 3rd period - David Krejci wins face-off versus Nick Foligno in OTTAWA zone.
0:31 of 3rd period - Shot by Artem Anisimov.
0:31 of 3rd period - Shot Misses the Net.
0:33 of 3rd period - Shot by Calvin de Haan.
0:33 of 3rd period - Shot Blocked by Justin Schultz.
0:35 of 3rd period - Shot by Calvin de Haan.
0:35 of 3rd period - Stopped by Connor Hellebuyck without a rebound.
0:36 of 3rd period - Mikko Koivu wins face-off versus Nick Foligno in OTTAWA zone.
1:01 of 3rd period - Shot by Jack Johnson.
1:01 of 3rd period - Shot Misses the Net.
1:03 of 3rd period - Shot by Joe Thornton.
1:03 of 3rd period - Shot Misses the Net.
1:09 of 3rd period - Shot by Joe Thornton.
1:09 of 3rd period - Stopped by Connor Hellebuyck without a rebound.
1:10 of 3rd period - David Krejci wins face-off versus Jonathan Toews in OTTAWA zone.
1:11 of 3rd period - Shot by Dylan Larkin.
1:11 of 3rd period - Stopped by Connor Hellebuyck with a rebound.
1:18 of 3rd period - Icing by David Krejci.
1:19 of 3rd period - David Krejci wins face-off versus Nick Foligno in COLORADO zone.
1:53 of 3rd period - Shot by Jonas Brodin.
1:53 of 3rd period - Stopped by Connor Hellebuyck with a rebound.
1:55 of 3rd period - Shot by Calvin de Haan.
1:55 of 3rd period - Stopped by Connor Hellebuyck without a rebound.
1:56 of 3rd period - Nick Foligno wins face-off versus Mikko Koivu in OTTAWA zone.
2:25 of 3rd period - Shot by Patrik Berglund.
2:25 of 3rd period - Shot Blocked by Brandon Davidson.
2:27 of 3rd period - Shot by Adam Lowry.
2:27 of 3rd period - Deflect By Patrik Berglund.
2:27 of 3rd period - Goal by Patrik Berglund - COLORADO : 2 - OTTAWA : 0.
2:28 of 3rd period - Jiri Hudler wins face-off versus Patrik Berglund in neutral zone.
2:30 of 3rd period - Justin Schultz is hit by Brandon Carlo and loses puck.
2:37 of 3rd period - Shot by Zach Bogosian.
2:37 of 3rd period - Shot Misses the Net.
2:39 of 3rd period - Shot by Justin Schultz.
2:39 of 3rd period - Stopped by Carey Price without a rebound.
2:40 of 3rd period - Mikko Koivu wins face-off versus Bogdan Yakimov in COLORADO zone.
3:11 of 3rd period - Shot by Mikko Koivu.
3:11 of 3rd period - Deflect By Joe Thornton.
3:11 of 3rd period - The goal is going for a video replay.
3:11 of 3rd period - The goal is refused.
3:12 of 3rd period - David Krejci wins face-off versus Andrew Ladd in OTTAWA zone.
3:12 of 3rd period - Dylan Larkin is hit by Zach Bogosian and loses puck.
3:24 of 3rd period - Minor Penalty to Zach Bogosian for Slashing.
3:25 of 3rd period - Mikko Koivu wins face-off versus Nick Foligno in OTTAWA zone.
3:34 of 3rd period - Shot by Jonas Brodin.
3:34 of 3rd period - Shot Blocked by Jonathan Toews.
3:50 of 3rd period - Shot by David Pastrnak.
3:50 of 3rd period - Shot Blocked by Ryan Suter.
3:52 of 3rd period - Shot by Mikko Koivu.
3:52 of 3rd period - Stopped by Connor Hellebuyck without a rebound.
3:53 of 3rd period - David Krejci wins face-off versus Nick Foligno in OTTAWA zone.
4:52 of 3rd period - Shot by Mikko Koivu.
4:52 of 3rd period - Shot Misses the Net.
5:33 of 3rd period - Minor Penalty to Adam Lowry for Holding.
5:34 of 3rd period - Mikko Koivu wins face-off versus Viktor Stalberg in COLORADO zone.
5:34 of 3rd period - Mikko Koivu is hit by Nick Foligno.
5:54 of 3rd period - Shot by Justin Schultz.
5:54 of 3rd period - Stopped by Carey Price with a rebound.
6:01 of 3rd period - Icing by Nick Foligno.
6:02 of 3rd period - Viktor Stalberg wins face-off versus Mikko Koivu in OTTAWA zone.
6:09 of 3rd period - Shot by Justin Schultz.
6:09 of 3rd period - Shot Misses the Net.
7:18 of 3rd period - Shot by Jordan Eberle.
7:18 of 3rd period - Shot Blocked by Jack Johnson.
7:49 of 3rd period - Shot by Joe Pavelski.
7:49 of 3rd period - Shot Misses the Net.
7:51 of 3rd period - Shot by Jeff Schultz.
7:51 of 3rd period - Stopped by Carey Price with a rebound.
7:53 of 3rd period - Shot by Brandon Davidson.
7:53 of 3rd period - Stopped by Carey Price with a rebound.
7:55 of 3rd period - Shot by Dominik Simon.
7:55 of 3rd period - Stopped by Carey Price without a rebound.
7:56 of 3rd period - Jiri Hudler wins face-off versus David Krejci in COLORADO zone.
9:05 of 3rd period - Shot by Joe Pavelski.
9:05 of 3rd period - Stopped by Carey Price without a rebound.
9:06 of 3rd period - Mikko Koivu wins face-off versus Andrew Ladd in COLORADO zone.
9:20 of 3rd period - Icing by Ryan Suter.
9:21 of 3rd period - Patrik Berglund wins face-off versus Andrew Ladd in OTTAWA zone.
9:21 of 3rd period - Patrik Berglund is hit by Zdeno Chara.
9:25 of 3rd period - Shot by Carl Soderberg.
9:25 of 3rd period - Goal by Carl Soderberg - COLORADO : 3 - OTTAWA : 0.
9:26 of 3rd period - Joe Pavelski wins face-off versus Mikko Koivu in neutral zone.
9:45 of 3rd period - Joe Thornton is hit by Zdeno Chara and loses puck.
10:04 of 3rd period - Shot by Mikko Koivu.
10:04 of 3rd period - Stopped by Connor Hellebuyck with a rebound.
10:31 of 3rd period - Icing by Dan Girardi.
10:32 of 3rd period - Mikko Koivu wins face-off versus Jiri Hudler in COLORADO zone.
10:32 of 3rd period - Mikko Koivu is hit by Viktor Stalberg.
10:35 of 3rd period - Joe Thornton is hit by Viktor Stalberg and loses puck.
10:45 of 3rd period - Minor Penalty to Viktor Stalberg for Hooking.
10:45 of 3rd period - Minor Penalty to Dan Girardi for Hooking.
10:46 of 3rd period - Jordan Eberle wins face-off versus Patrik Berglund in COLORADO zone.
11:16 of 3rd period - Shot by Joe Pavelski.
11:16 of 3rd period - Stopped by Carey Price without a rebound.
11:17 of 3rd period - Jonathan Toews wins face-off versus Joe Thornton in COLORADO zone.
11:32 of 3rd period - Shot by Jonathan Toews.
11:32 of 3rd period - Shot Blocked by Joe Thornton.
11:34 of 3rd period - Shot by Zdeno Chara.
11:34 of 3rd period - Shot Misses the Net.
11:41 of 3rd period - Jonathan Toews is hit by Calvin de Haan and loses puck.
11:56 of 3rd period - Shot by Jonathan Toews.
11:56 of 3rd period - Stopped by Carey Price without a rebound.
11:57 of 3rd period - Patrik Berglund wins face-off versus Jordan Eberle in COLORADO zone.
12:46 of 3rd period - Jordan Eberle is hit by Calvin de Haan and loses puck.
12:49 of 3rd period - Shot by Jiri Hudler.
12:49 of 3rd period - Shot Misses the Net.
12:51 of 3rd period - Shot by Jiri Hudler.
12:51 of 3rd period - Shot Misses the Net.
12:55 of 3rd period - Shot by Viktor Stalberg.
12:55 of 3rd period - Stopped by Carey Price without a rebound.
12:56 of 3rd period - Nick Bjugstad wins face-off versus Andrew Ladd in COLORADO zone.
13:01 of 3rd period - Shot by Dan Girardi.
13:01 of 3rd period - Stopped by Connor Hellebuyck with a rebound.
13:19 of 3rd period - Shot by Nick Foligno.
13:19 of 3rd period - Stopped by Carey Price without a rebound.
13:20 of 3rd period - David Krejci wins face-off versus Jiri Hudler in COLORADO zone.
13:28 of 3rd period - Off-side.
13:29 of 3rd period - Mikko Koivu wins face-off versus Andrew Ladd in neutral zone.
13:38 of 3rd period - Jonas Brodin is hit by Nick Foligno and loses puck.
14:26 of 3rd period - Artem Anisimov is hit by Zdeno Chara and loses puck.
14:31 of 3rd period - Shot by Artem Anisimov.
14:31 of 3rd period - Shot Misses the Net.
14:39 of 3rd period - Shot by David Krejci.
14:39 of 3rd period - Shot Misses the Net.
14:41 of 3rd period - Shot by Artem Anisimov.
14:41 of 3rd period - Shot Blocked by Zdeno Chara.
14:43 of 3rd period - Shot by Artem Anisimov.
14:43 of 3rd period - Shot Blocked by Ryan Suter.
14:45 of 3rd period - Shot by Brandon Carlo.
14:45 of 3rd period - Stopped by Connor Hellebuyck without a rebound.
14:46 of 3rd period - Patrik Berglund wins face-off versus Joe Pavelski in OTTAWA zone.
14:57 of 3rd period - Shot by Patrik Berglund.
14:57 of 3rd period - Stopped by Connor Hellebuyck without a rebound.
14:58 of 3rd period - Jiri Hudler wins face-off versus Nick Bjugstad in OTTAWA zone.
15:10 of 3rd period - Riley Sheahan is hit by Viktor Stalberg and loses puck.
15:32 of 3rd period - Icing by Nikita Nesterov.
15:33 of 3rd period - Jordan Eberle wins face-off versus Nick Bjugstad in COLORADO zone.
15:37 of 3rd period - Joe Pavelski is hit by Nikita Nesterov.
15:57 of 3rd period - Shot by Jonathan Toews.
15:57 of 3rd period - Shot Misses the Net.
16:22 of 3rd period - Joe Pavelski is hit by Dan Girardi and loses puck.
16:37 of 3rd period - Icing by Ryan Suter.
16:38 of 3rd period - Mikko Koivu wins face-off versus Andrew Ladd in OTTAWA zone.
16:59 of 3rd period - Shot by Nick Foligno.
16:59 of 3rd period - Stopped by Carey Price without a rebound.
17:00 of 3rd period - Jiri Hudler wins face-off versus David Krejci in COLORADO zone.
17:05 of 3rd period - Shot by Jiri Hudler.
17:05 of 3rd period - Shot Blocked by Jack Johnson.
17:11 of 3rd period - Shot by Viktor Stalberg.
17:11 of 3rd period - Stopped by Carey Price without a rebound.
17:12 of 3rd period - Mikko Koivu wins face-off versus Jordan Eberle in COLORADO zone.
18:20 of 3rd period - Icing by Dan Girardi.
18:21 of 3rd period - Andrew Ladd wins face-off versus David Krejci in COLORADO zone.
18:27 of 3rd period - Icing by Jack Johnson.
18:28 of 3rd period - David Krejci wins face-off versus Andrew Ladd in COLORADO zone.
18:28 of 3rd period - Dylan Larkin is hit by Andrew Ladd and loses puck.
18:34 of 3rd period - Jack Johnson is hit by Zach Bogosian and loses puck.
19:32 of 3rd period - Mikko Koivu is hit by Jeff Schultz and loses puck.
19:52 of 3rd period - Mikko Koivu is hit by Brandon Davidson and loses puck.
19:54 of 3rd period - Minor Penalty to Jeff Schultz for Hooking.
19:55 of 3rd period - Nick Foligno wins face-off versus Mikko Koivu in OTTAWA zone.
Goals for this period are 2 for COLORADO vs 0 for OTTAWA.
Shots for this period are 13 for COLORADO vs 12 for OTTAWA.